 Dungeon Crawl Stone Soup version 0.24.0-123-gd5b16e6ec5 (webtiles) character file.

Game seed: 14522985607682917694, levelgen mode: deterministic

314343 Amplified the Slayer (level 21, -18/148 HPs)
             Began as a Gargoyle Fire Elementalist on Jan 28, 2020.
             Was the Champion of Wu Jian.
             Killed by something's death curse (34 damage)
             ... on level 3 of the Crypt on Jan 29, 2020.
             The game lasted 01:08:41 (44064 turns).

Amplified the Slayer (Gargoyle Fire Elementalist)  Turns: 44064, Time: 01:08:42

Health: -18/148    AC: 36    Str: 16    XL:     21   Next: 35%
Magic:  24/24      EV: 37    Int: 22    God:    Wu Jian [******]
Gold:   894        SH:  0    Dex: 16    Spells: 19/24 levels left

rFire    + + .     SeeInvis .   f - +7 great mace "Firestarter" {inner flame, rF++}
rCold    + + .     Gourm    .   (shield currently unavailable)
rNeg     + + +     Faith    .   D - +2 leather armour {rPois}
rPois    ∞         Spirit   .   g - +2 hat {MR+}
rElec    +         Reflect  .   j - +2 cloak
rCorr    +         Harm     .   w - +2 pair of gloves {Dex+3}
MR       ++...                  W - +2 pair of boots of the Assassin {Detection Stab+ Stlth++}
Stlth    ++++++++..             L - amulet of the acrobat
HPRegen  0.34/turn              S - ring of Greed {Ice rN+ Int+3}
MPRegen  0.19/turn              Z - ring of positive energy

@: resistant, acrobat, flying, very slightly contaminated, studying
Transmutations, invisible
A: big wings, negative energy resistance 1, electricity resistance, unbreathing,
petrification resistance, rot immunity, AC +16
}: 2/15 runes: decaying, gossamer
a: Stop Flying, Wall Jump, Serpent's Lash, Heavenly Storm, Renounce Religion


You were on level 3 of the Crypt.
You worshipped Wu Jian.
Wu Jian was exalted by your worship.
You were not hungry.

You visited 8 branches of the dungeon, and saw 40 of its levels.
You visited the Abyss 1 time.
You also visited: Sewer and Volcano.

You collected 4241 gold pieces.
You spent 3347 gold pieces at shops.

Inventory:

Hand Weapons
 f - the +7 great mace "Firestarter" (weapon) {inner flame, rF++}
   (You found it on level 10 of the Dungeon)

   It has been specially enchanted to burn those struck by it, causing extra
   injury to most foes and up to half again as much damage against particularly
   susceptible opponents.
   It greatly protects you from fire.
 i - the +2 Maxwell's thermic engine {flame, freeze}
   (You took it off a necromancer on level 15 of the Dungeon)

   It has been specially enchanted to burn those struck by it, causing extra
   injury to most foes and up to half again as much damage against particularly
   susceptible opponents.
   Big, fiery blades are also staple armaments of hydra-hunters.
   It has been specially enchanted to freeze those struck by it, causing extra
   injury to most foes and up to half again as much damage against particularly
   susceptible opponents.
Missiles
 m - 53 poisoned darts
 o - a throwing net (quivered)
 p - 19 curare-tipped darts
Armour
 g - a +2 hat of magic resistance (worn)
 j - a +2 cloak (worn)
 w - a +2 pair of gloves of dexterity (worn)
 D - a +2 leather armour of poison resistance (worn)
 Q - +4 storm dragon scales {Bai Suzhen}
 W - the +2 pair of boots of the Assassin (worn) {Detection Stab+ Stlth++}
   (You found it on level 2 of the Swamp)

   It makes you much more stealthy.
Jewellery
 s - the ring "Falut" {rF++ MP+9}
   (You took it off a spriggan on level 15 of the Dungeon)

   [ring of magical power]

   It greatly protects you from fire.
   It affects your magic capacity (+9).
 A - the ring "Lesasig" {rC+ Str+5 Int+4}
   (You took it off a centaur warrior on level 15 of the Dungeon)

   [ring of strength]

   It affects your strength (+5).
   It affects your intelligence (+4).
   It protects you from cold.
 L - an amulet of the acrobat (around neck)
 N - a ring of the Octopus King {rCorr AC+1 EV+1 Str+1 Int+1 Dex+1}
   (You took it off a tengu conjurer on level 15 of the Dungeon)

   [ring of resist corrosion]

   It affects your AC (+1).
   It affects your evasion (+1).
   It affects your strength (+1).
   It affects your intelligence (+1).
   It affects your dexterity (+1).
   It provides partial protection from all sources of acid and corrosion.
 S - the ring of Greed (left hand) {Ice rN+ Int+3}
   (You found it on level 2 of the Spider Nest)

   [ring of ice]

   It enhances your ice magic.
   It affects your intelligence (+3).
   It makes you vulnerable to fire.
   It protects you from cold.
   It protects you from negative energy.
 T - the ring "Tawaga Lanem" {Wiz rC+ Int+3}
   (You bought it in a shop on level 6 of the Dungeon)

   [ring of wizardry]

   It improves your spell success rate.
   It affects your intelligence (+3).
   It protects you from cold.
 Z - a ring of positive energy (right hand)
Wands
 a - a wand of digging (6)
 k - a wand of disintegration (14)
 y - a wand of acid (4)
 M - a wand of iceblast (16)
 V - a wand of polymorph (11)
Scrolls
 b - 15 scrolls of teleportation
 d - a scroll of silence
 e - 7 scrolls of enchant weapon
 h - a scroll of brand weapon
 n - 23 scrolls of remove curse
 t - 3 scrolls of fog
 C - a scroll of fear
 E - 17 scrolls of identify
 I - 4 scrolls of magic mapping
 O - 5 scrolls of amnesia
 X - 2 scrolls of blinking
Potions
 l - 3 potions of ambrosia
 r - 4 potions of curing
 u - 6 potions of agility
 v - 10 potions of brilliance
 z - 6 potions of cancellation
 F - 5 potions of mutation
 G - 5 potions of magic
 P - 4 potions of haste
 R - 2 potions of berserk rage
 U - 2 potions of resistance
Books
 q - a manual of Transmutations
Miscellaneous
 x - a phantom mirror
 J - a lamp of fire
Comestibles
 c - 53 rations


   Skills:
 * Level 21.1 Fighting
 - Level 20.0 Maces & Flails
   Level 0.3 Polearms
 * Level 17.7 Armour
 - Level 13.6 Dodging
 * Level 14.7 Stealth
   Level 4.2 Shields
 - Level 2.0 Spellcasting
   Level 1.1 Conjurations
 - Level 2.3 Necromancy
 * Level 4.9 Transmutations
   Level 3.0 Fire Magic


You had 19 spell levels left.
You knew the following spells:

 Your Spells              Type           Power        Failure   Level  Hunger
a - Blink                 Tloc           N/A          22%         2    ##.....
b - Regeneration          Chrm/Necr      #.........   28%         3    ###....

Your spell library contained the following spells:

 Spells                   Type           Power        Failure   Level  Hunger
 Animate Skeleton         Necr           N/A          6%          1    #......
 Pain                     Necr           ##..         6%          1    #......
 Flame Tongue             Conj/Fire      ##...        7%          1    #......
 Passwall                 Tmut/Erth      ##......     9%          2    ##.....
 Magic Dart               Conj           #...         10%         1    #......
 Throw Flame              Conj/Fire      ##....       10%         2    ##.....
 Searing Ray              Conj           #.....       14%         2    ##.....
 Apportation              Tloc           #.....       16%         1    #......
 Confusing Touch          Hex            #.....       16%         1    #......
 Sandblast                Erth           #.....       16%         1    #......
 Summon Butterflies       Summ           #.......     16%         1    #......
 Summon Small Mammal      Summ           #...         16%         1    #......
 Ignite Poison            Fire/Tmut/Pois ##......     16%         3    ###....
 Vampiric Draining        Necr           ##........   17%         3    ###....
 Conjure Flame            Conj/Fire      ##......     21%         3    ###....
 Call Imp                 Summ           #.......     22%         2    ##.....
 Ensorcelled Hibernation  Hex/Ice        #.....       22%         2    ##.....
 Shroud of Golubria       Chrm/Tloc      #.....       22%         2    ##.....
 Slow                     Hex            #.......     22%         2    ##.....
 Inner Flame              Hex/Fire       #.......     24%         3    ###....
 Dazzling Spray           Conj/Hex       #.....       36%         3    ###....
 Mephitic Cloud           Conj/Pois/Air  #.......     36%         3    ###....
 Stone Arrow              Conj/Erth      #.....       36%         3    ###....
 Confuse                  Hex            #.......     41%         3    ###....
 Gell's Gravitas          Tloc           #.........   41%         3    ###....
 Lesser Beckoning         Tloc           #.........   41%         3    ###....
 Teleport Other           Tloc           #.......     41%         3    ###....
 Tukima's Dance           Hex            #.......     41%         3    ###....
 Animate Dead             Necr           N/A          50%         4    #####..
 Petrify                  Tmut/Erth      ##......     50%         4    #####..
 Sticky Flame             Conj/Fire      ##......     54%         4    #####..
 Iskenderun's Mystic Bla  Conj           #.......     67%         4    #####..
 Force Lance              Conj/Tloc      #.......     77%         4    #####..
 Fulminant Prism          Conj/Hex       #.........   77%         4    #####..
 Leda's Liquefaction      Hex/Erth       #.........   83%         4    #####..
 Passage of Golubria      Tloc           N/A          83%         4    #####..
 Alistair's Intoxication  Tmut/Pois      ##......     83%         5    ######.
 Yara's Violent Unravell  Hex/Tmut       ##........   83%         5    ######.
 Fireball                 Conj/Fire      ##........   88%         5    ######.
 Bolt of Magma            Conj/Fire/Erth #.........   94%         5    ######.
 Lee's Rapid Deconstruct  Erth           #.........   99%         5    ######.
 Metabolic Englaciation   Hex/Ice        #.........   99%         5    ######.
 Summon Mana Viper        Hex/Summ       #.......     99%         5    ######.
 Bolt of Fire             Conj/Fire      ##........   100%        6    #######
 Darkness                 Hex            #.........   100%        6    #######
 Invisibility             Hex            #.......     100%        6    #######
 Iron Shot                Conj/Erth      #.........   100%        6    #######
 Ring of Flames           Chrm/Fire      #.........   100%        7    #######
 Ignition                 Fire           ###.......   100%        8    #######
 Shatter                  Erth           #.........   100%        9    #######
 Statue Form              Tmut/Erth      Unusable     N/A         6    N/A

Dungeon Overview and Level Annotations

Branches:
Dungeon (15/15)            Temple (0/1) D:6            Lair (6/6) D:9
  Swamp (4/4) Lair:3       Spider (4/4) Lair:2        Slime (0/5) Lair:6
    Orc (2/2) D:9             Elf (3/3) Orc:2        Vaults (3/5) D:13
  Crypt (3/3) Vaults:3     Depths (0/5) D:15          Sewer (visited)
Volcano (visited)
   Tomb: Crypt:3

Altars:
Cheibriados
Gozag
Makhleb
Okawaru
Ru
Sif Muna
Trog
Vehumet
Wu Jian
Yredelemnul
Beogh

Shops:
D:6 =   D:10 !   D:12 :   D:13 =   D:15 *=!   Orc:2 ([=*(   Elf:2 !

Portals:
Trove: D:12 (give +2 shadow dragon scales)

Annotations:
D:13 1 runed translucent door
D:15 Setup endgame
Orc:2 Crown is nice
Elf:2 2 runed translucent doors


Innate Abilities, Weirdness & Mutations

You are resistant to torment.
Your stone body is resilient. (AC +16)
You are immune to poison.
Your large and strong wings let you fly indefinitely.
You resist negative energy. (rN+)
You are resistant to electric shocks. (rElec)
You can survive without breathing.
You are immune to petrification.
You are immune to rotting.


Message History

Xtahua explodes!
The fiery explosion engulfs you! You resist.
* * * LOW HITPOINT WARNING * * *
The fiery explosion engulfs the guardian mummy!!!
The guardian mummy is severely damaged.
The fiery explosion engulfs the mummy!!!
The mummy is burned terribly!
You destroy the mummy!
The Council accepts your kill. x2
You feel your strength returning.
You have finished your manual of Armour and toss it away.
You hear a chilling moan.
The guardian mummy is engulfed in blazing flames.
The guardian mummy throws a silver javelin.
The silver javelin completely misses you.
The Council accepts your kill.
You feel a bit more experienced.
You feel extremely nervous for a moment...
You convulse helplessly as pain tears through your body!
You die...

.....M########## .....{'...'.....
###### ......{{..## ≈≈≈≈≈####
......#....## ≈≈≈≈≈≈≈≈## #8.8#
#°#...##
≈≈≈≈≈≈≈≈≈#####'####W##...##
≈≈≈≈≈≈≈≈≈≈≈## #§§M.###...##
≈≈≈≈≈≈≈≈≈≈≈≈# #☼#######...##
≈≈≈≈≈≈≈≈≈≈≈≈## #@#..≈# ##...##
≈≈≈≈≈≈≈≈≈≈≈≈≈###.#..≈# ##...##
≈≈≈≈≈≈≈≈≈≈≈≈≈≈##.#.########...##
≈≈≈≈≈≈≈≈≈≈≈≈≈≈##.#.#...≈#.##...##
≈≈≈≈≈≈≈≈≈≈≈≈≈≈##.#.#...≈#.≈##...#
..≈≈≈≈≈≈≈≈≈≈≈≈≈#.#'#'####'####...
...≈≈≈≈≈≈≈≈≈≈≈≈#............###..
....≈≈≈≈≈≈≈≈≈≈≈#################'
....≈≈≈≈.......'.......).......#.


There were no monsters in sight!

Vanquished Creatures
  Mara (Vaults:2)
  Bai Suzhen (Swamp:4)
  Xtahua (Crypt:3)
  Nikola (Vaults:1)
  The ghost of Zosacw the Slingshot, an adept HaHu of Okawaru (Spider:4)
  Frances (Spider:1)
  A thorn hunter (Swamp:4)
  The ghost of Dankeast the Martial Artist, an adept DsAs of Makhleb (Vaults:2)
  Roxanne (Spider:1)
  Kirke (Lair:5)
  A fire giant (D:15)
  2 orc warlords
  A vault warden (Vaults:1)
  3 emperor scorpions (Spider:4)
  3 ghost moths
  A ghoul (Vaults:2)
  3 stone giants
  4 deep elf demonologists
  2 entropy weavers (Vaults:1)
  8 ironheart preservers
  A vampire knight (Vaults:3)
  A deep elf annihilator (Vaults:2)
  4 spark wasps (Spider:4)
  3 ettins
  An eidolon (Crypt:3)
  The ghost of Xerdoz the Martial Artist, a journeyman OpTm of Sif Muna (Lair:6)
  Snorg (D:10)
  2 deep elf death magi
  5 yaktaur captains
  A merfolk impaler (D:13)
  3 great orbs of eyes
  3 fire dragons
  3 rakshasas
  4 vault guards (D:15)
  24 hydras
  An ice dragon (Vaults:1)
  A merfolk avatar (D:13)
  3 ghost crabs
  10 centaur warriors
  5 shambling mangroves
  Erica (Lair:2)
  21 two-headed ogres
  12 dancing weapons
  A deep troll shaman (D:15)
  8 alligators
  2 death knights
  5 ogre magi
  A vampire mage (Vaults:3)
  A deep troll earth mage (D:15)
  2 orc high priests (Orc:2)
  A tengu warrior (D:15)
  Urug (Lair:4)
  2 thrashing horrors (Abyss:3)
  A wretched star (Abyss:3)
  10 deep elf knights
  2 shadow wraiths
  3 skeletal warriors
  A fire crab (D:15)
  A wizard (Vaults:2)
  2 unseen horrors
  3 deep trolls (Vaults:2)
  5 flayed ghosts (Crypt:3)
  A spriggan druid (Swamp:2)
  11 deep elf archers
  12 swamp dragons
  6 ironbrand convokers
  A lindwurm (Orc:1)
  6 phantasmal warriors
  23 orb spiders
  11 orc knights
  6 harpies
  4 necromancers
  6 orc sorcerers
  35 deep elf magi
  33 wolf spiders
  13 ugly things
  5 manticores
  2 salamanders (shapeshifter)
  8 cyclopes
  3 moths of wrath
  4 elephants (Lair:5)
  2 black mambas
  2 torpor snails
  2 molten gargoyles (Volcano)
  12 vault sentinels
  13 spiny frogs
  An efreet (Volcano)
  7 gargoyles
  9 demonic crawlers
  3 rime drakes
  13 yaktaurs
  5 komodo dragons
  A guardian mummy (Crypt:3)
  5 freezing wraiths
  2 kobold demonologists (D:12)
  An ancient zyme (Abyss:3)
  A komodo dragon (shapeshifter) (D:14)
  A tengu conjurer (D:15)
  7 tyrant leeches
  36 jumping spiders
  7 trolls
  3 meliai (D:13)
  A meliai (shapeshifter) (D:14)
  Prince Ribbit (D:5)
  A polar bear (shapeshifter) (D:15)
  28 hornets
  A wolf spider simulacrum (D:15)
  9 polar bears (Lair:6)
  5 raiju
  12 bog bodies
  10 blink frogs
  11 hippogriffs
  27 slime creatures
  18 dream sheep (Lair:6)
  30 tarantellas
  A fire dragon skeleton (Crypt:3)
  3 air elementals
  41 redbacks
  25 yaks
  8 wraiths
  12 spriggans
  4 shadows
  A water elemental (Elf:2)
  2 ynoxinuls (Abyss:3)
  A fire elemental (Elf:2)
  6 wyverns
  2 hogs (Lair:5)
  2 basilisks (Lair:6)
  A golden eye (shapeshifter) (Vaults:2)
  A human (Lair:5)
  7 fire bats
  4 hungry ghosts
  A chaos spawn (Abyss:3)
  2 steam dragons (Lair:6)
  A neqoxec (Abyss:3)
  Grum (D:8)
  23 vampire mosquitoes
  12 swamp worms
  18 insubstantial wisps
  A large abomination (Abyss:3)
  6 wargs
  Menkaure (D:4)
  3 acid dragons
  2 floating eyes (D:15)
  15 hell hounds (Lair:6)
  8 water moccasins
  9 porcupines
  32 orc warriors
  A monstrous demonspawn skeleton (Crypt:2)
  15 swamp drakes
  7 sky beasts
  14 black bears
  An eye of draining (D:15)
  19 ogres
  3 ice beasts
  A necrophage (D:10)
  A phantom (D:13)
  7 boggarts
  The ghost of Curus the Twirler, an amateur DsGl (D:3)
  8 centaurs
  21 wolves
  12 crocodiles
  A crocodile (shapeshifter) (D:15)
  4 big kobolds
  12 bullfrogs
  Blork the orc (Orc:2)
  4 earth elementals
  A scorpion (D:12)
  A small abomination (Abyss:3)
  A wyvern skeleton (D:11)
  23 killer bees
  6 howler monkeys
  5 electric eels
  10 wights
  8 centaur zombies
  6 crimson imps
  2 quasits
  A hound (shapeshifter) (D:15)
  A human zombie (Crypt:1)
  15 jellies
  23 orc priests
  8 centaur skeletons
  13 hounds
  33 orc wizards
  3 bullfrog skeletons
  2 human skeletons (Crypt:1)
  7 worker ants
  6 iguanas
  10 hell rats
  A yak simulacrum (Lair:3)
  5 wolf simulacra (Lair:3)
  2 hound zombies
  2 hound skeletons
  8 mummies
  3 worker ant zombies
  14 gnolls
  10 adders
  10 river rats
  A shadow imp (D:15)
  An ooze (Lair:6)
  5 adder skeletons
  An adder zombie (D:7)
  3 worms
  3 leopard geckos
  117 orcs
  3 giant cockroaches
  6 goblins
  9 hobgoblins
  16 jackals
  39 kobolds
  5 quokkas
  6 ball pythons
  4 bats
  6 frilled lizards
  A jackal skeleton (D:4)
  A quokka zombie (D:9)
  40 rats
  5 river rat simulacra (Lair:3)
  A fungus (Lair:4)
  8 plants
1588 creatures vanquished.

Vanquished Creatures (collateral kills)
  2 orb spiders (Spider:4)
  3 redbacks (Spider:4)
  A porcupine (Lair:2)
6 creatures vanquished.

Vanquished Creatures (others)
  Asterion (Spider:1)
  A two-headed ogre (Vaults:2)
  A jumping spider (Spider:1)
  A tarantella (Spider:1)
  3 humans
  An orc (Orc:2)
  A rat (Lair:5)
  8 fungi
  15 plants
  6 withered plants (Crypt:3)
38 creatures vanquished.

Grand Total: 1632 creatures vanquished

Notes
Turn   | Place    | Note
-------+----------+-------------------------------------------
     0 | D:1      | Amplified the Gargoyle Fire Elementalist began the quest
                  | for the Orb.
     0 | D:1      | Reached XP level 1. HP: 10/10 MP: 3/3
   393 | D:1      | Reached skill level 1 in Armour
   393 | D:1      | Reached XP level 2. HP: 16/16 MP: 5/5
   540 | D:1      | Reached skill level 1 in Fighting
  1102 | D:2      | Reached XP level 3. HP: 16/20 MP: 6/6
  1122 | D:2      | Reached skill level 1 in Maces & Flails
  1920 | D:3      | Reached skill level 2 in Fighting
  1920 | D:3      | Reached XP level 4. HP: 15/26 MP: 7/7
  2393 | D:3      | Reached XP level 5. HP: 24/31 MP: 8/8
  2680 | D:3      | Found a runed translucent gate.
  2681 | D:3      | Found a runed translucent gate.
  2682 | D:3      | Found a runed translucent gate.
  2684 | D:3      | Identified the +5 dagger of Riukh {venom, rC++}
  2684 | D:3      | Noticed a big kobold
  2685 | D:3      | Noticed Curus's ghost (amateur DsGl)
  2838 | D:3      | Found a radiant altar of Vehumet.
  2985 | D:4      | Reached skill level 3 in Fighting
  3084 | D:4      | Found a glowing drain.
  3102 | D:4      | Got a translucent spear
  3121 | D:4      | Reached XP level 6. HP: 27/37 MP: 9/9
  3141 | Sewer    | Entered a sewer
  3142 | Sewer    | Identified the +7 spear "Riebrom" {drain, MR++ Dex+2} (You
                  | found it on level 4 of the Dungeon)
  3291 | Sewer    | Reached skill level 4 in Fighting
  3447 | Sewer    | Reached XP level 7. HP: 43/43 MP: 10/10
  3886 | D:4      | Noticed Menkaure
  3887 | D:4      | Found a sacrificial altar of Ru.
  3887 | D:4      | Found a burning altar of Makhleb.
  3887 | D:4      | Found an opulent altar of Gozag.
  3887 | D:4      | Found a basalt altar of Yredelemnul.
  3891 | D:4      | Killed Menkaure
  3901 | D:4      | Found a bloodstained altar of Trog.
  3901 | D:4      | Found an ornate altar of the Wu Jian Council.
  3925 | D:4      | Learned a level 2 spell: Blink
  3931 | D:4      | Became a worshipper of the Wu Jian Council
  4211 | D:5      | Entered Level 5 of the Dungeon
  4237 | D:5      | Noticed Prince Ribbit
  4244 | D:5      | Killed Prince Ribbit
  4244 | D:5      | Reached skill level 5 in Fighting
  4244 | D:5      | Reached skill level 5 in Armour
  4244 | D:5      | Reached XP level 8. HP: 48/50 MP: 11/11
  4322 | D:5      | Reached skill level 5 in Maces & Flails
  4665 | D:6      | Reached skill level 6 in Fighting
  4696 | D:6      | Found a radiant altar of Vehumet.
  4766 | D:6      | Found Ziehekh's Jewellery Shop.
  4968 | D:6      | Reached * piety under Wu Jian
  5004 | D:6      | Reached XP level 9. HP: 28/56 MP: 12/12
  5179 | D:6      | Reached skill level 7 in Fighting
  5238 | D:6      | Found a staircase to the Ecumenical Temple.
  5335 | D:7      | Noticed a gargoyle
  5343 | D:7      | Killed a gargoyle
  5959 | D:7      | Reached skill level 8 in Fighting
  6363 | D:8      | Found a snail-covered altar of Cheibriados.
  6409 | D:8      | Found an iron altar of Okawaru.
  6594 | D:8      | Reached ** piety under Wu Jian
  6728 | D:8      | Reached XP level 10. HP: 58/65 MP: 13/13
  7032 | D:8      | Reached skill level 1 in Shields
  7037 | D:8      | Noticed Grum
  7056 | D:8      | Killed Grum
  7056 | D:8      | Reached skill level 9 in Fighting
  7174 | D:9      | Got a bloodstained whip
  7176 | D:9      | Identified the +1 whip "Egg" {flame, rElec Stlth+} (You
                  | found it on level 9 of the Dungeon)
  7553 | D:9      | Found a staircase to the Lair.
  7904 | D:9      | Found a staircase to the Orcish Mines.
  8006 | D:10     | Entered Level 10 of the Dungeon
  8176 | D:10     | Noticed a two-headed ogre
  8194 | D:10     | Killed a two-headed ogre
  8194 | D:10     | Reached *** piety under Wu Jian
  8194 | D:10     | Reached skill level 10 in Fighting
  8208 | D:10     | Reached XP level 11. HP: 61/73 MP: 14/14
  8449 | D:10     | Noticed a centaur warrior
  8460 | D:10     | Killed a centaur warrior
  8460 | D:10     | Reached skill level 10 in Maces & Flails
  8490 | D:10     | Noticed a fire dragon
  8503 | D:10     | Reached skill level 11 in Fighting
  8510 | D:10     | Killed a fire dragon
  8519 | D:10     | Found the +7 great mace "Firestarter" {inner flame, rF++}
  8580 | D:10     | Noticed Snorg
  8587 | D:10     | Killed Snorg
  8645 | D:10     | Found Mikiy's Distillery.
  8651 | D:10     | Bought 2 potions of curing for 84 gold pieces
  8651 | D:10     | Bought a potion of curing for 42 gold pieces
  8651 | D:10     | Bought a potion of curing for 42 gold pieces
  8651 | D:10     | Bought a potion of curing for 42 gold pieces
  8651 | D:10     | Bought a potion of curing for 42 gold pieces
  8651 | D:10     | Bought a potion of curing for 42 gold pieces
  8651 | D:10     | Bought a potion of agility for 56 gold pieces
  8651 | D:10     | Bought a potion of agility for 56 gold pieces
  8651 | D:10     | Bought a potion of brilliance for 56 gold pieces
  8651 | D:10     | Bought a potion of brilliance for 56 gold pieces
  8651 | D:10     | Bought a potion of brilliance for 56 gold pieces
  8756 | D:10     | Reached **** piety under Wu Jian
  8845 | D:11     | Noticed a brown ugly thing
  8852 | D:11     | Killed a brown ugly thing
  8852 | D:11     | Noticed a manticore
  8861 | D:11     | Killed a manticore
  8943 | D:11     | Noticed a brown ugly thing
  8949 | D:11     | Killed a brown ugly thing
  9055 | D:11     | Noticed a cyclops
  9059 | D:11     | Killed a cyclops
  9059 | D:11     | Reached skill level 12 in Fighting
  9059 | D:11     | Reached skill level 5 in Dodging
  9059 | D:11     | Reached XP level 12. HP: 48/81 MP: 15/15
  9705 | D:11     | Noticed a two-headed ogre
  9713 | D:11     | Killed a two-headed ogre
 10218 | D:12     | Found Beug's Book Emporium.
 10235 | D:12     | Reached ***** piety under Wu Jian
 10432 | D:12     | Found a portal to a secret trove of treasure.
 10646 | D:12     | Noticed a two-headed ogre
 10652 | D:12     | Killed a two-headed ogre
 11139 | D:12     | Reached skill level 13 in Fighting
 11295 | D:12     | Reached XP level 13. HP: 88/88 MP: 16/16
 11371 | Lair:1   | Entered Level 1 of the Lair of Beasts
 12447 | Lair:2   | Noticed Erica
 12461 | Lair:2   | Killed Erica
 12461 | Lair:2   | Gained mutation: Your large and strong wings let you fly
                  | indefinitely. [Gargoyle growth]
 12461 | Lair:2   | Reached XP level 14. HP: 41/94 MP: 17/17
 12732 | Lair:2   | Found a hole to the Spider Nest.
 12981 | Lair:2   | Identified a scroll of acquirement
 13154 | Lair:3   | You fall into a shaft and drop 2 floors!
 13238 | Lair:5   | Got a pair of crude boots
 13244 | Lair:5   | Identified the +1 pair of boots of Tempters {rElec rPois
                  | Slay-3 SInv Stlth+} (You found it on level 5 of the Lair of
                  | Beasts)
 13341 | Lair:5   | Noticed Kirke
 13351 | Lair:5   | Killed Kirke
 13828 | Lair:5   | Reached skill level 14 in Fighting
 14387 | Lair:6   | Entered Level 6 of the Lair of Beasts
 14401 | Lair:6   | Found a staircase to the Slime Pits.
 14419 | Lair:6   | Reached ****** piety under Wu Jian
 14834 | Lair:6   | Found a transporter.
 14835 | Lair:6   | Noticed Xerdoz's ghost (journeyman OpTm)
 15068 | Lair:6   | Reached skill level 15 in Maces & Flails
 15308 | Lair:6   | Reached skill level 10 in Dodging
 15591 | Lair:6   | Found a transporter.
 15853 | Lair:6   | Reached XP level 15. HP: 44/101 MP: 18/18
 16143 | Lair:6   | Killed Xerdoz's ghost
 16143 | Lair:6   | Reached skill level 15 in Fighting
 16162 | Lair:6   | Got a scintillating tin ring
 16183 | Lair:6   | Identified the ring of the Stag {*Slow rElec rN+++ EV+3
                  | Str-5} (You found it on level 6 of the Lair of Beasts)
 16441 | Lair:4   | Noticed Urug
 16459 | Lair:4   | Killed Urug
 17108 | Lair:3   | Found a staircase to the Swamp.
 17848 | D:6      | Bought the ring "Tawaga Lanem" {Wiz rC+ Int+3} for 653 gold
                  | pieces
 17934 | Orc:1    | Entered Level 1 of the Orcish Mines
 18125 | Orc:1    | Found a dark tunnel.
 18243 | Volcano  | Entered a volcano
 18311 | Volcano  | Found a burning altar of Makhleb.
 18856 | Orc:2    | Entered Level 2 of the Orcish Mines
 18919 | Orc:2    | Found an iron altar of Okawaru.
 19005 | Orc:2    | Found Seiwn's Antique Weapon Shoppe.
 19560 | Orc:2    | Noticed an orc warlord
 19562 | Orc:2    | Noticed Blork the orc
 19589 | Orc:2    | Killed an orc warlord
 19659 | Orc:2    | Killed Blork the orc
 19660 | Orc:2    | Found a roughly hewn altar of Beogh.
 19970 | Orc:2    | Found Sicivoerch's General Store.
 19983 | Orc:2    | Found Asywach's Antique Armour Shoppe.
 20104 | Orc:2    | Found a staircase to the Elven Halls.
 20163 | Orc:2    | Found Sekkigivu's Jewellery Shoppe.
 20178 | Orc:2    | Found Myvo's Antique Weapon Shoppe.
 20495 | Orc:1    | Noticed an orc warlord
 20505 | Orc:1    | Killed an orc warlord
 20988 | D:13     | Reached skill level 16 in Fighting
 21084 | D:13     | Found a shimmering blue altar of Sif Muna.
 21236 | D:13     | Found a runed translucent door.
 21237 | D:13     | Found a runed translucent door.
 21465 | D:13     | Found a gate to the Vaults.
 21541 | D:13     | Found Gawaerr's Jewellery Shop.
 21555 | D:13     | Found a runed translucent door.
 22112 | D:13     | Reached XP level 16. HP: 97/110 MP: 19/19
 22116 | D:13     | Cast into level 3 of the Abyss (merfolk impaler)
 22116 | Abyss:3  | Found a runed translucent door.
 22116 | Abyss:3  | Found a runed translucent door.
 22127 | Abyss:3  | Noticed a quicksilver dragon
 22151 | Abyss:3  | Found a runed translucent door.
 22405 | Abyss:3  | Noticed a tentacled starspawn
 22501 | D:13     | Escaped the Abyss
 22514 | D:13     | Got an encrusted short sword
 22603 | D:14     | Identified the +10 short sword "Dysetangio" {drain, *Drain
                  | rC+++ Str+6 Dex-5} (You found it on level 13 of the
                  | Dungeon)
 23123 | D:14     | Found the +3 warlock's mirror {reflect}
 23616 | D:15     | Entered Level 15 of the Dungeon
 23993 | D:15     | Found Zafej's Distillery.
 24161 | D:15     | Identified a ring of the Octopus King {rCorr AC+1 EV+1
                  | Str+1 Int+1 Dex+1}
 24515 | D:15     | Paralysed by a floating eye for 3 turns
 24532 | D:15     | Identified the ring "Falut" {rF++ MP+9}
 24889 | D:15     | Paralysed by a floating eye for 2 turns
 24894 | D:15     | Reached skill level 17 in Fighting
 25187 | D:15     | Got a jewelled chain mail
 25188 | D:15     | Identified the +6 chain mail of Jyotuom {*Slow rF+ Regen+
                  | Dex+4} (You found it on level 15 of the Dungeon)
 25462 | D:15     | HP: 4/112 [spriggan rider/+0 spear (11)]
 25850 | D:15     | Found Bipaniud's Jewellery Emporium.
 25857 | D:15     | Reached skill level 10 in Armour
 25883 | D:15     | Identified the ring "Lesasig" {rC+ Str+5 Int+4}
 25957 | D:15     | Reached XP level 17. HP: 45/117 MP: 20/20
 26250 | D:15     | Got a jewelled chain mail
 26256 | D:15     | Identified the cursed +1 chain mail of Tartarus {rPois
                  | Regen+} (You found it on level 15 of the Dungeon)
 26551 | D:15     | Found a staircase to the Depths.
 26641 | D:15     | Found Sitaot's Assorted Antiques.
 26650 | D:15     | Bought a potion of curing for 99 gold pieces
 26650 | D:15     | Bought a potion of heal wounds for 165 gold pieces
 26650 | D:15     | Bought a potion of resistance for 330 gold pieces
 26650 | D:15     | Bought a potion of haste for 330 gold pieces
 26894 | Swamp:1  | Entered Level 1 of the Swamp
 27401 | Swamp:1  | Learned a level 3 spell: Regeneration
 27867 | Swamp:2  | Reached skill level 1 in Necromancy
 28426 | Swamp:2  | Found the +2 pair of boots of the Assassin {Detection Stab+
                  | Stlth++}
 28929 | Swamp:2  | Identified the Reference Book on Ashen Fascination
 29361 | Swamp:3  | Reached skill level 18 in Fighting
 30205 | Swamp:4  | Entered Level 4 of the Swamp
 30218 | Swamp:4  | Noticed Bai Suzhen
 30219 | Swamp:4  | Identified the +5 rapier of Pionkopt {pierce, Dex+9} (You
                  | found it on level 4 of the Swamp)
 30232 | Swamp:4  | Killed Bai Suzhen
 30232 | Swamp:4  | Reached skill level 5 in Stealth
 30302 | Swamp:4  | Reached XP level 18. HP: 22/126 MP: 21/21
 30575 | Swamp:4  | Got a decaying rune of Zot
 31331 | Spider:1 | Entered Level 1 of the Spider Nest
 31439 | Spider:1 | Noticed Roxanne
 31467 | Spider:1 | Killed Roxanne
 31508 | Spider:1 | Noticed Asterion
 31524 | Spider:1 | Killed Asterion
 31557 | Spider:1 | Noticed Frances
 32044 | Spider:2 | Got a clouded amber ring
 32045 | Spider:2 | Identified the ring of Greed {Ice rN+ Int+3} (You found it
                  | on level 2 of the Spider Nest)
 32706 | Spider:3 | Reached skill level 19 in Fighting
 33705 | Spider:4 | Entered Level 4 of the Spider Nest
 33709 | Spider:4 | Found a runed translucent gate.
 33709 | Spider:4 | Found a runed translucent gate.
 33709 | Spider:4 | Found a runed translucent gate.
 33709 | Spider:4 | Noticed Zosacw's ghost (adept HaHu)
 34348 | Spider:4 | Reached skill level 10 in Stealth
 35038 | Spider:4 | Reached XP level 19. HP: 105/133 MP: 22/22
 35810 | Spider:4 | Got a gossamer rune of Zot
 36163 | Spider:4 | Killed Zosacw's ghost
 36346 | Spider:1 | Killed Frances
 37124 | Orc:2    | Bought a jewelled leather armour for 238 gold pieces
 37124 | Orc:2    | Bought a dazzling leather armour for 238 gold pieces
 37124 | Orc:2    | Identified the +1 leather armour "Xeixkah" {*Drain +Fly
                  | Str+2 Int+3} (You bought it in a shop on level 2 of the
                  | Orcish Mines)
 37125 | Orc:2    | Identified the cursed +1 leather armour of Booxzywo {rElec
                  | rN++ MR- SInv} (You bought it in a shop on level 2 of the
                  | Orcish Mines)
 37154 | Elf:1    | Entered Level 1 of the Elven Halls
 37186 | Elf:1    | Found a radiant altar of Vehumet.
 37794 | Elf:2    | Found Dasargh's Distillery.
 37803 | Elf:2    | Bought a potion of heal wounds for 75 gold pieces
 37803 | Elf:2    | Bought a potion of resistance for 150 gold pieces
 37803 | Elf:2    | Bought 3 potions of agility for 180 gold pieces
 37803 | Elf:2    | Bought a potion of might for 60 gold pieces
 37803 | Elf:2    | Bought 2 potions of curing for 90 gold pieces
 37803 | Elf:2    | Bought a potion of curing for 45 gold pieces
 37803 | Elf:2    | Bought a potion of mutation for 120 gold pieces
 37951 | Elf:2    | Found a runed translucent door.
 37979 | Elf:2    | Found a runed translucent door.
 38511 | Elf:2    | Reached skill level 20 in Fighting
 38773 | Elf:3    | Entered Level 3 of the Elven Halls
 39223 | D:3      | Killed Curus's ghost
 39482 | Vaults:1 | Entered Level 1 of the Vaults
 39598 | Vaults:1 | Noticed Nikola
 39604 | Vaults:1 | Killed Nikola
 39834 | Vaults:1 | Reached XP level 20. HP: 126/140 MP: 23/23
 40331 | Vaults:1 | Reached skill level 15 in Armour
 41242 | Vaults:2 | Noticed Mara
 41260 | Vaults:2 | Killed Mara
 41903 | Vaults:2 | Found a runed translucent door.
 41903 | Vaults:2 | Noticed Dankeast's ghost (adept DsAs)
 41935 | Vaults:2 | Reached skill level 1 in Transmutations
 42087 | Vaults:2 | Reached XP level 21. HP: 63/148 MP: 24/24
 42728 | Vaults:2 | Reached skill level 21 in Fighting
 42856 | Vaults:2 | Killed Dankeast's ghost
 42962 | Vaults:3 | Found a staircase to the Crypt.
 43061 | Crypt:1  | Entered Level 1 of the Crypt
 43319 | Crypt:3  | Entered Level 3 of the Crypt
 44037 | Crypt:3  | Noticed Xtahua
 44063 | Crypt:3  | Killed Xtahua
 44064 | Crypt:3  | Killed by something's death curse

Levels and vault maps discovered:
D:1:      lemuel_arrival_cross, layout_rooms
D:2:      layout_basic
D:3:      layout_basic, lemuel_coloured_pillars_altar, first_ration,
          gammafunk_ghost_nasty_kobolds
D:4:      layout_rooms, minmay_overflow_temple_hex, portal_sewer_entry_a,
          uniq_menkaure
D:5:      layout_rooms, grunt_ministairs_10, uniq_prince_ribbit1
D:6:      layout_basic, minmay_temple_entry_offerings, basic_altar,
          serial_shops, shop
D:7:      layout_cave_pods
D:8:      layout_loops_ring, cheibriados_altar_1, blue_anna_alchemist
          [blue_anna_fruit_fields, blue_anna_fruit_fields], grunt_ministairs_8,
          okawaru_altar_gauntlet_db, uniq_grum
D:9:      layout_basic, erik_lair_island, orc_0_dummy
D:10:     minmay_firetagon, layout_basic, serial_shops, kennysheep_mini,
          uniq_snorg
D:11:     layout_rooms
D:12:     layout_layer_cave, serial_shops, nicolae_shop_window_shopping,
          nicolae_trove_entry_free_sample, lightli_minifort
D:13:     layout_basic, erik_vaults_1, serial_shops, shop, basic_altar,
          minivault_27, mikee_hates_you
D:14:     layout_loops_ring, moated_statue
D:15:     hangedman_spin_cycle
Lair:1:   layout_cave_pods
Lair:2:   layout_concentric_octagons, spider_nest_entry_web_field,
          grunt_megastairs_3, lemuel_fruit_fields, uniq_erica
Lair:3:   layout_gridlike, nicolae_swamp_entry_splash_gauntlet,
          eino_house_with_fridge
Lair:4:   layout_long_grid, grunt_megastairs_5, uniq_urug
Lair:5:   layout_gridlike, kennysheep_abandoned_house,
          infiniplex_staircase_pool, wad_woods_river_01, uniq_kirke
Lair:6:   guppyfry_lair_end_dragon, layout_regular_city,
          hangedman_lair_caniforms_friends, minmay_slime_entry_jelly_boxes,
          gammafunk_ghost_berserking_beasts, serial_bayou_shore_b
Swamp:1:  layout_basic_swamp, evilmike_swamp_ruin_house_5, swamp_pool4
Swamp:2:  layout_basic_swamp, evilmike_swamp_ruin_house_3
Swamp:3:  layout_falls_marsh, nicolae_swamp_feature_on_the_river_bank,
          infiniplex_staircase_pool_2
Swamp:4:  swamp_basic_johnstein, layout_basic_swamp, uniq_bai_suzhen
Spider:1: layout_chambers, uniq_frances, uniq_roxanne, uniq_asterion
Spider:2: layout_spider_delve, drop_trap
Spider:3: layout_spider_delve, nicolae_spider_cling_halls
Spider:4: spider_rune_water, gammafunk_ghost_split
Orc:1:    layout_caves, nicolae_volcano_entry_vermiform
Orc:2:    grunt_orc_cross, layout_caves, serial_shops, nicolae_shop_waterfront,
          nicolae_orc_sculptors_studio, david_defended_altar_orc
Elf:1:    eino_elf_arrival_altar, layout_geoelf_grid,
          kennysheep_underground_church, minmay_misc_feat_alley
Elf:2:    layout_geoelf_octagon, serial_shops, nicolae_shop_trees, minivault_26
Elf:3:    grunt_elf_hall_branching, layout_geoelf_castle, basic_altar
Vaults:1: v_misc_30, nicolae_vaults_network_periphery,
          nicolae_vaults_hallways_thing, ontoclasm_vaults_eye,
          grunt_vaults_twisty, vaults_room_pools, vaults_room_fancy_cross,
          vaults_room_hallway, vaults_mumra_lcd, v_alt_pattern_5, v_misc_11,
          st_smaller_cells, grunt_vaults_bifocal, layout_vaults_maze,
          uniq_nikola
Vaults:2: gammafunk_vaults_ghost_grave, vaults_mumra_chevron_long,
          vaults_standard_mumra_x, hangedman_vaults_stitches,
          nicolae_vaults_angled_halls, hangedman_vaults_river_flow, v_pattern_3,
          nicolae_vaults_specimen_jars, nicolae_vaults_ring_of_whatevers,
          nicolae_vaults_sealed_display, nicolae_vaults_windows_and_doors_thing,
          ontoclasm_vaults_shuriken, layout_vaults_big_room, uniq_mara
Vaults:3: v_misc_9, vaults_mumra_minichess, v_misc_10,
          nicolae_vaults_stairing_the_circle, vaults_dpeg_encased_lava,
          nicolae_vaults_network_s, vaults_room_corners,
          vaults_mumra_bighexcomb, ontoclasm_vaults_ring_square,
          hangedman_vaults_stretched_pinwheel, minmay_crypt_entry_simple_walls,
          nicolae_vaults_little_squares_1, layout_vaults_omnibox
Crypt:1:  layout_chaotic_city, basic_altar, weyrava_vampire_temple,
          grunt_crypt_arrival_guarded_gate, uniq_aizul
Crypt:2:  layout_catacombs, uniq_donald, uniq_saint_roka, uniq_khufu
Crypt:3:  quadcrypt_mu, uniq_xtahua

Skill      XL: |  1  2  3  4  5  6  7  8  9 10 11 12 13 14 15 16 17 18 19 20 21 |
---------------+----------------------------------------------------------------+-----
Armour         | 1 2 3 4 5 6 8 10 11 14 17 | 17.7
Fighting       | 1 2 3 4 5 6 8 10 12 13 14 16 17 18 19 20 21 | 21.1
Maces & Flails | 1 2 3 4 6 7 9 11 13 14 15 16 17 18 19 20 | 20.0
Dodging        | 2 5 6 7 10 12 13 | 13.6
Shields        | 4 |  4.2
Necromancy     | 2 |  2.3
Stealth        | 6 10 12 14 | 14.7
Transmutations | 2 4 |  4.9
Polearms       | |  0.3
Spellcasting   | |  2.0
Conjurations   | |  1.1
Fire Magic     | |  3.0

Action                   |  1- 3 |  4- 6 |  7- 9 | 10-12 | 13-15 | 16-18 | 19-21 || total
-------------------------+-------+-------+-------+-------+-------+-------+-------++-------
Melee: Spear             |    24 |    87 |   339 |   306 |       |       |       ||   756
       Mace              |   122 |    82 |       |       |       |       |       ||   204
       Flail             |       |    66 |       |       |       |       |       ||    66
       Whip              |       |       |       |    19 |       |       |       ||    19
       Great mace        |       |       |       |   195 |   778 |  1106 |   891 ||  2970
Throw: Dart              |       |    20 |     4 |     4 |     4 |     2 |       ||    34
       Throwing net      |       |       |       |       |       |     1 |     2 ||     3
 Cast: Flame Tongue      |     7 |       |       |       |       |       |       ||     7
       Regeneration      |       |       |       |       |       |     1 |       ||     1
Invok: Whirlwind         |       |       |     2 |     4 |     7 |    29 |     8 ||    50
       Lunge             |       |       |       |    16 |    59 |    86 |    77 ||   238
       Serpent's Lash    |       |       |       |     1 |     1 |     1 |       ||     3
       Heavenly Storm    |       |       |       |       |     3 |     2 |     1 ||     6
 Abil: Fly               |       |       |       |       |     1 |       |       ||     1
Evoke: Wand              |       |     2 |     9 |     6 |     2 |    15 |     2 ||    36
       Lamp of fire      |       |       |       |     2 |     3 |     1 |     2 ||     8
  Use: Scroll            |     5 |     3 |    17 |     5 |    15 |    19 |    14 ||    78
       Potion            |       |     4 |       |     4 |    10 |    28 |    16 ||    62
 Stab: Sleeping          |       |       |       |     3 |     2 |    14 |    67 ||    86
       Distracted        |       |       |       |     2 |       |     4 |     2 ||     8
       Invisible         |       |       |       |       |     5 |     4 |       ||     9
       Paralysed         |       |       |       |       |       |     5 |     1 ||     6
       Petrifying        |       |       |       |       |       |     1 |       ||     1
       Held in net/web   |       |       |       |       |       |       |     2 ||     2
  Eat: Chunk             |     3 |     3 |    11 |     6 |    39 |    42 |     8 ||   112
       Ration            |       |     1 |       |     3 |     2 |       |     5 ||    11
Armor: Robe              |     5 |       |       |       |       |       |       ||     5
       Scale mail        |    90 |   140 |   137 |    30 |       |       |       ||   397
       Leather armour    |       |       |       |   245 |   334 |   530 |   299 ||  1408
       Storm dragon scal |       |       |       |       |       |    63 |       ||    63
       Skin              |       |       |       |       |       |     2 |       ||     2
Dodge: Dodged            |    90 |   158 |   163 |   339 |   691 |  1105 |   606 ||  3152
Block: Buckler           |       |       |       |    67 |       |       |       ||    67
